 Dungeon Crawl Stone Soup version 0.30.0-3-ga4e48a9924 (webtiles) character file.

Game seed: 4600450553644948542

230 dompybear the Cudgeller (level 6, -8/53 HPs)
             Began as a Meteoran Cinder Acolyte on May 7, 2023.
             Was an Initiate of Ignis.
             Killed by nerve-wracking pain
             ... invoked by a shadow imp
              (12 damage)
             ... on level 4 of the Dungeon.
             The game lasted 00:13:18 (1678 turns).

dompybear the Cudgeller (Meteoran Cinder Acolyte)   Turns: 1678, Time: 00:13:18

Health: -8/53      AC: 15    Str: 15 (17) XL:     6   Next: 49%
Magic:  9/9        EV:  9    Int: 12 (15) God:    Ignis [......]
Gold:   130        SH:  0    Dex:  8 (11) Spells: 7/7 levels left

rFire   + . .        y - +1 mace (drain)
rCold   . . .        (no shield)
rNeg    . . .        c - +0 scale mail
rPois   .            n - +0 helmet
rElec   .            v - +0 cloak {rCorr}
rCorr   +            (no gloves)
SInv    .            (no boots)
Will    .....        (no amulet) Stlth
                     (no ring)
HPRegen 0.28/turn    (no ring)
MPRegen 0.11/turn

%: no passive effects
@: brilliant, attractive, fiery-armoured, glowing
A: sense surroundings 1, otherworldly, glowing, explore regen
a: Renounce Religion, Rising Flame


You were on level 4 of the Dungeon.
You worshipped Ignis.
Ignis was noncommittal.
You visited 1 branch of the dungeon, and saw 4 of its levels.

You collected 130 gold pieces.

Inventory:

Hand Weapons
 a - a -1 mace of flaming
 t - a +0 flail
 w - a +4 quarterstaff of chaos
 y - a +1 mace of draining (weapon)
Armour
 b - a +0 robe
 c - a +0 scale mail (worn)
 n - a +0 helmet (worn)
 v - a +0 cloak of preservation (worn)
Magical Staves
 o - a staff of cold
Jewellery
 k - an amulet of regeneration
Wands
 u - a wand of flame (12)
Scrolls
 e - 2 scrolls of blinking
 f - 3 scrolls of identify
 i - a scroll of teleportation {unknown}
 m - a scroll of enchant armour {unknown}
 p - a scroll of acquirement {unknown}
 r - 3 scrolls of enchant weapon {unknown}
 s - a scroll of amnesia {unknown}
 A - a scroll of magic mapping {unknown}
Potions
 h - a potion of degeneration
 l - a potion of haste {unknown}
 q - a potion of magic {unknown}
 x - a potion of might {unknown}
 z - a potion of mutation {unknown}


   Skills:
 + Level 4.5 Fighting
 + Level 6.4 Maces & Flails
 + Level 2.4 Armour
 + Level 1.4 Dodging
 + Level 1.3 Spellcasting
 + Level 4.1 Fire Magic


You had 7 spell levels left.
You didn't know any spells.
Your spell library contained the following spells:

 Spells                   Type           Power      Damage    Failure   Level
 Scorch                   Fire           32%        2d6       30%         2
 Sublimation of Blood     Necr           1%         N/A       86%         2
 Wereblood                Tmut           1%         N/A       86%         2
 Vhi's Electric Charge    Tloc/Air       2%         N/A       97%         3
 Arcjolt                  Conj/Air       0%         1d10      100%        5
 Summon Hydra             Summ           0%         N/A       100%        7
 Maxwell's Capacitive Co  Air            0%         ∞         100%        8


Dungeon Overview and Level Annotations

Branches:
Dungeon (4/15) Zot: 700
 Temple: D:4-7

Altars:

Shops:
D:2 ([[*[

Annotations:
D:4 Pikel


Innate Abilities, Weirdness & Mutations

You passively map a small area around you.
You are easily found by Zot.
You glow in the dark.
You regain HP and MP as you explore.


Message History

Pikel hits you but does no damage.
Pikel is burned by your cloak of flames.
Pikel is severely wounded.
You closely miss Pikel.
Pikel is severely wounded.
Pikel barely misses you. The lemure hits you but does no damage.
The lemure hits you.
* * * LOW HITPOINT WARNING * * *
An adder comes into view.
Unknown command.
It was a potion of degeneration.
There was something very wrong with that liquid.
You feel weakened.
You feel dopey.
You feel clumsy.
The adder hisses angrily.
Pikel hits you with a +2 whip of freezing.
* * * LOW HITPOINT WARNING * * *
Pikel freezes you.
* * * LOW HITPOINT WARNING * * *
Pikel is burned by your cloak of flames.
Pikel is severely wounded.
The shadow imp gestures at you.
You struggle to resist.
The lemure hits you but does no damage.
The lemure is burned by your cloak of flames.
The lemure is severely wounded.
The lemure hits you but does no damage.
The lemure is burned by your cloak of flames.
The lemure is severely wounded.
It was a potion of brilliance.
You feel clever all of a sudden. Pikel hits you but does no damage.
Pikel is burned by your cloak of flames.
Pikel is severely wounded.
The lemure barely misses you. x2
Unknown command.
It was a potion of attraction.
You feel attractive to monsters. Pikel barely misses you.
The shadow imp gestures at you. Pain shoots through your body!
You die...

,* * * #.* *##
#. .. , * #.
.# * #.####.#
...
#..<.#.##<...
##....Kg....#*
*
#....@5o†####
,*
#....55..S...,
#.......#####,
##.........? *
##.....####
####..# #..#
*, ..# ,* ..#


You could see Pikel, 2 lemures, a gnoll bouda, an adder, a shadow imp and an
orc.

Vanquished Creatures
  2 lemures (D:4)
  A bullfrog (D:4)
  Crazy Yiuf (D:3)
  Terence (D:3)
  A gnoll (D:4)
  3 adders
  A worm (D:2)
  5 dart slugs
  An orc (D:3)
  2 giant cockroaches
  3 goblins
  7 hobgoblins
  2 jackals (D:1)
  10 kobolds
  8 quokkas
  5 ball pythons
  9 bats
  A frilled lizard (D:1)
  5 rats
68 creatures vanquished.

Vanquished Creatures (others)
  104 foxfires
104 creatures vanquished.

Grand Total: 172 creatures vanquished

Notes
Turn   | Place    | Note
-------+----------+-------------------------------------------
     0 | D:1      | dompybear the Meteoran Cinder Acolyte began the quest for
                  | the Orb.
     0 | D:1      | Reached XP level 1. HP: 19/19 MP: 3/3
    68 | D:1      | Reached XP level 2. HP: 21/26 MP: 5/5
   108 | D:1      | Noticed a great orb of eyes
   111 | D:1      | Found a faded altar of an unknown god.
   113 | D:1      | Noticed an eye of devastation
   118 | D:1      | Noticed a shining eye
   133 | D:1      | Noticed a great orb of eyes
   166 | D:1      | Reached XP level 3. HP: 33/33 MP: 6/6
   495 | D:1      | Glimpsed the power of Zot.
   558 | D:2      | Found Pusiown's General Store.
   584 | D:2      | Found Atyffit's Antique Armour Shop.
   599 | D:2      | Found Hautus's Armour Shoppe.
   610 | D:2      | Reached XP level 4. HP: 36/40 MP: 7/7
   667 | D:2      | Found Puuplues's Armour Shop.
   853 | D:2      | Found Dobo's Weapon Emporium.
  1085 | D:2      | Glimpsed the power of Zot.
  1105 | D:2      | Reached skill level 5 in Maces & Flails
  1169 | D:3      | Noticed Terence
  1175 | D:3      | Killed Terence
  1176 | D:3      | Reached XP level 5. HP: 46/46 MP: 8/8
  1191 | D:3      | Found a runed translucent door.
  1192 | D:3      | Noticed Crazy Yiuf
  1200 | D:3      | Killed Crazy Yiuf
  1201 | D:3      | Reached skill level 1 in Armour
  1201 | D:3      | Reached skill level 1 in Dodging
  1599 | D:3      | Reached skill level 6 in Maces & Flails
  1652 | D:4      | Noticed a lemure
  1652 | D:4      | Noticed a lemure
  1654 | D:4      | Noticed a lemure
  1657 | D:4      | Reached XP level 6. HP: 53/53 MP: 9/9
  1660 | D:4      | Noticed Pikel
  1678 | D:4      | Killed from afar by a shadow imp

Illustrated notes

Levels and vault maps discovered:
D:1:      amcnicky_arrival_abandoned_market, layout_rooms,
          hellmonk_ecumenical_altar_watching_god
D:2:      layout_loops_ring, serial_shops, shop,
          nicolae_shop_tiny_real_fake_doors, shop_fountains,
          nicolae_shop_tiny_statue_garden, shop, kennysheep_generic_room_5
D:3:      layout_rooms, uniq_crazy_yiuf_cottage, uniq_terence
D:4:      minmay_spotlight, layout_loops_ring, gammafunk_ghost_nasty_kobolds,
          hangedman_minor_gate_pass, uniq_pikel, uniq_ijyb, uniq_grinder

Skill      XL: |  1  2  3  4  5  6 |
---------------+-------------------+-----
Fighting       | 4 |  4.5
Fire Magic     | 4 |  4.1
Maces & Flails | 5 6 |  6.4
Armour         | 1 2 |  2.4
Dodging        | 1 |  1.4
Spellcasting   | |  1.3

Action                     |  1- 3 |  4- 6 || total
---------------------------+-------+-------++-------
  Melee: Mace              |    41 |   106 ||   147
         Punch             |     2 |       ||     2
 Invoke: Foxfire Swarm     |     3 |     3 ||     6
         Fiery Armour      |     1 |     2 ||     3
    Use: Scroll            |     1 |       ||     1
         Potion            |       |     5 ||     5
 Armour: Scale mail        |    25 |    87 ||   112
  Dodge: Dodged            |    23 |    56 ||    79
